 Dungeon Crawl Stone Soup version 0.17-a0-1939-ga475588 (webtiles) character file.

368 graki42 the Magician (level 6, -2/32 HPs)
             Began as a Deep Elf Fire Elementalist on Sept 29, 2015.
             Killed by divine providence
             ... invoked by an orc priest
              (9 damage)
             ... on level 4 of the Dungeon.
             The game lasted 00:13:27 (3236 turns).

graki42 the Magician (Deep Elf Fire Elementalist)   Turns: 3236, Time: 00:13:27

Health: -2/32      AC:  2    Str:  7    XL:     6   Next: 41%
Magic:  7/16       EV: 14    Int: 20    God:
Gold:   170        SH:  0    Dex: 15    Spells: 4 memorised, 5 levels left

rFire  . . .     SeeInvis .     j - +0 dagger
rCold  . . .     Clarity  .     a - +0 robe
rNeg   . . .     SustAt   .     (no shield)
rPois  .         Gourm    .     (no helmet)
rElec  .         Spirit   .     (no cloak)
rCorr  .         Warding  .     (no gloves)
rMut   .         Stasis   .     (no boots)
MR     .....                    (no amulet)
Stlth  ++........               (no ring)
                                (no ring)

@: lethally poisoned (-2 -> -10), not resistant to hostile enchantments,
unstealthy
A: no striking features
a: no special abilities


You were on level 4 of the Dungeon.
You were not hungry.

You visited 1 branch of the dungeon, and saw 4 of its levels.

You collected 170 gold pieces.

Inventory:

Hand weapons
 j - a +0 dagger (weapon)
Armour
 a - a +0 robe (worn)
Jewellery
 e - an uncursed ring of see invisible {unknown}
Scrolls
 k - 5 scrolls of identify {unknown}
 l - 2 scrolls of noise {unknown}
 p - 3 scrolls of amnesia {unknown}
 q - a scroll of enchant armour {unknown}
 t - 3 scrolls of remove curse {unknown}
 u - a scroll of blinking {unknown}
 w - a scroll of enchant weapon {unknown}
 y - a scroll of teleportation {unknown}
Potions
 d - 3 potions of lignification {unknown}
 g - 2 potions of degeneration {unknown}
 h - a potion of resistance {unknown}
 m - 3 potions of curing {unknown}
 o - a potion of brilliance {unknown}
 r - 2 potions of poison {unknown}
 s - a potion of agility {unknown}
 v - 5 potions of heal wounds {unknown}
 x - a potion of cancellation {unknown}
 A - a potion of magic {unknown}
 B - a potion of mutation {unknown}
Books
 b - a book of Flames

   Spells                             Type                      Level
   a - Flame Tongue                   Conjuration/Fire             1
   b - Throw Flame                    Conjuration/Fire             2
   c - Conjure Flame                  Conjuration/Fire             3
   d - Inner Flame                    Hexes/Fire                   3
   e - Sticky Flame                   Conjuration/Fire             4
   f - Fireball                       Conjuration/Fire             5
Comestibles
 c - 5 bread rations
 f - 7 fruits
 i - a meat ration
 n - a slice of pizza
 z - a chunk of flesh


   Skills:
 + Level 0.1 Fighting
 + Level 3.6 Dodging
 + Level 3.3 Stealth
 + Level 5.8 Spellcasting
 + Level 3.0 Conjurations
 + Level 5.1 Fire Magic


You had 5 spell levels left.
You knew the following spells:

 Your Spells              Type           Power        Failure   Level  Hunger
a - Flame Tongue          Conj/Fire      ###..        1%          1    None
b - Conjure Flame         Conj/Fire      ###.....     8%          3    ##.....
c - Inner Flame           Hex/Fire       ###.....     12%         3    ##.....
d - Sticky Flame          Conj/Fire      ###.....     21%         4    ####...


Dungeon Overview and Level Annotations

Branches:
Dungeon (4/15)
 Temple: D:4-7

Altars:


Message History

The killer bee stings you.
* * * LOW HITPOINT WARNING * * *
You are lethally poisoned!
The killer bee poisons you!
Casting: Flame Tongue
Confirm with . or Enter, or press ? or * to list all spells.
Aiming: Flame Tongue
Press: ? - help, Shift-Dir - straight line, f/p - killer bee
Aim: a killer bee (heavily wounded)
The flame tongue hits the killer bee.
You kill the killer bee!
Your Conjurations skill increases to level 3!
Your Fire Magic skill increases to level 5!
* * * LOW HITPOINT WARNING * * *
You feel sick.
* * * LOW HITPOINT WARNING * * *
You feel sick.
The orc priest mumbles some strange prayers to Beogh against you.
Something smites you!
You die...

##.... ....#. #.....
...... #..... #....# ...o.
#..#. .o. #.... #ยง####
#...# #....# #..#. ####.##
#.... ...#####.@#### #...#
#............#########..#.
....####.###...#..........
..................<......#
..#......................
...##..................##
.# #####.........>......
#. ###................
#.####..................


You could see an orc priest.

Vanquished Creatures
  4 killer bees (D:4)
  Jessica (D:3)
  A worker ant (D:4)
  5 adders
  A worm (D:2)
  6 giant geckos
  5 ball pythons
  3 giant cockroaches
  5 hobgoblins
  6 jackals
  2 quokkas
  8 bats
  15 giant newts
  8 goblins
  8 kobolds
  6 rats
84 creatures vanquished.

Notes
Turn   | Place    | Note
--------------------------------------------------------------
     0 | D:1      | graki42 the Deep Elf Fire Elementalist began the quest for the Orb.
     0 | D:1      | Reached XP level 1. HP: 10/10 MP: 6/6
   194 | D:1      | Reached XP level 2. HP: 13/15 MP: 4/8
  1008 | D:2      | Reached skill level 4 in Fire Magic
  1008 | D:2      | Reached XP level 3. HP: 19/19 MP: 3/10
  1439 | D:2      | Learned a level 3 spell: Conjure Flame
  1443 | D:2      | Learned a level 3 spell: Inner Flame
  1889 | D:3      | Reached XP level 4. HP: 24/24 MP: 8/12
  2653 | D:3      | Noticed Jessica
  2662 | D:3      | Killed Jessica
  2699 | D:3      | Reached XP level 5. HP: 24/28 MP: 7/14
  2790 | D:3      | Learned a level 4 spell: Sticky Flame
  3227 | D:4      | Reached skill level 5 in Spellcasting
  3228 | D:4      | Reached XP level 6. HP: 25/32 MP: 10/16
  3235 | D:4      | Reached skill level 5 in Fire Magic
  3236 | D:4      | Killed from afar by an orc priest

Vault maps used:
D:1:      lightli_arrival_boilingwater, minmay_newt_pond
D:3:      minmay_ruptured, uniq_jessica
D:4:      minmay_misc_feat_diagonals, kennysheep_doodads,
          nicolae_dithmenos_through_a_glass_darkly

Action                   |  1- 3 |  4- 6 || total
-------------------------+-------+-------++-------
Melee: Unarmed           |     3 |       ||     3
       Dagger            |     4 |     1 ||     5
 Cast: Flame Tongue      |    81 |    68 ||   149
       Conjure Flame     |       |     1 ||     1
       Sticky Flame      |       |     1 ||     1
  Eat: Chunk             |     3 |     4 ||     7
